 Dungeon Crawl Stone Soup version 0.23.2-1-ga50397a (webtiles) character file.

Game seed: 3892408511404016576

69 Fortress the Stinger (level 4, -3/36 HPs)
             Began as a Naga Venom Mage on June 3, 2019.
             Slain by a gnoll
             ... wielding a +0 club
              (5 damage)
             ... on level 3 of the Dungeon.
             The game lasted 00:10:12 (2515 turns).

Fortress the Stinger (Naga Venom Mage)              Turns: 2515, Time: 00:10:13

Health: -3/36      AC:  2    Str: 10    XL:     4   Next: 20%
Magic:  5/8        EV: 10    Int: 17    God:
Gold:   61         SH:  0    Dex: 11    Spells: 7/8 levels left

rFire    . . .     SeeInvis +   f - +0 hand axe
rCold    . . .     Gourm    .   (no shield)
rNeg     . . .     Faith    .   a - +0 robe
rPois    +         Spirit   .   (no helmet)
rElec    .         Reflect  .   (no cloak)
rCorr    .         Harm     .   (no gloves)
MR       .....                  (no barding)
Stlth    ++........             (no amulet)
HPRegen  0.12/turn              (no ring)
MPRegen  0.11/turn              (no ring)

@: about to teleport, very slow
A: large, see invisible, deformed body, poison resistance, slowness 2, slow
metabolism 1, spit poison 1, AC +1
a: Spit Poison


You were on level 3 of the Dungeon.
You were not hungry.

You visited 1 branch of the dungeon, and saw 3 of its levels.

You collected 61 gold pieces.

Inventory:

Hand Weapons
 f - a +0 hand axe (weapon)
Missiles
 b - 58 arrows
 j - 23 bolts
Armour
 a - a +0 robe (worn)
Jewellery
 m - an uncursed ring of fire {unknown}
Scrolls
 g - 3 scrolls of identify {unknown}
 h - 2 scrolls of remove curse {unknown}
 i - a scroll of immolation {unknown}
 k - a scroll of noise {unknown}
 n - 2 scrolls of enchant weapon {unknown}
 o - a scroll of blinking {unknown}
 p - a scroll of magic mapping {unknown}
 q - a scroll of amnesia {unknown}
Potions
 d - a potion of flight {unknown}
 l - 3 potions of curing {unknown}
 r - a potion of lignification {unknown}
Comestibles
 c - 5 rations


   Skills:
 + Level 0.6 Axes
 - Level 1.9 Dodging
 - Level 3.2 Stealth
 + Level 2.9 Spellcasting
 + Level 1.5 Conjurations
 + Level 4.7 Poison Magic


You had 7 spell levels left.
You knew the following spells:

 Your Spells              Type           Power        Failure   Level  Hunger
a - Sting                 Conj/Pois      ##..         4%          1    None

Your spell library contained the following spells:

 Spells                   Type           Power        Failure   Level  Hunger
 Poisonous Vapours        Pois/Air       ##....       10%         2    ##.....
 Mephitic Cloud           Conj/Pois/Air  #.......     22%         3    ###....
 Olgreb's Toxic Radiance  Pois           ###.....     24%         4    ####...
 Venom Bolt               Conj/Pois      ##........   78%         5    ######.


Dungeon Overview and Level Annotations

Branches:
Dungeon (3/15)

Altars:


Innate Abilities, Weirdness & Mutations

You cannot wear boots.
Your serpentine skin is tough. (AC +1)
You have supernaturally acute eyesight. (SInv)
Armour fits poorly on your strangely shaped body.
Your system is resistant to poisons. (rPois)
You cover ground very slowly.
You have a slow metabolism.
You can spit poison.


Message History

The gnoll hits you with a +0 flail! The gnoll barely misses you.
The gnoll hits you.
The hobgoblin hits you but does no damage.
The gnoll hits you with a +0 club!
* * * LOW HITPOINT WARNING * * *
The gnoll hits you with a +0 flail.
* * * LOW HITPOINT WARNING * * *
As you read the scroll of teleportation, it crumbles to dust.
You feel strangely unstable. The gnoll hits you but does no damage.
The gnoll barely misses you. The hobgoblin barely misses you.
Casting: Sting (safe; 4% risk of failure)
Confirm with . or Enter, or press ? or * to list all spells.
Aiming: Sting (safe; 4% risk of failure)
Press: ? - help, Shift-Dir - straight line, f/p - gnoll
Aim: a gnoll (severely wounded, poisoned)
The sting hits the gnoll.
The gnoll looks even sicker.
The gnoll is almost dead.
You kill the gnoll!
The gnoll hits you with a +0 club.
You die...

# #######.####
#####...........
##...#gg.........
#####....@g!.........
.........†g..........
#..........#...##...#
...........##### ###
####......##
##.....## #.......#
#.......# #....<..#


You could see 3 gnolls and a hobgoblin.

Vanquished Creatures
  3 gnolls
  A dart slug (D:2)
  2 ball pythons (D:2)
  4 giant cockroaches
  4 goblins
  4 hobgoblins
  A quokka (D:2)
  7 bats
  A frilled lizard (D:2)
  6 kobolds (D:1)
  8 rats
41 creatures vanquished.

Notes
Turn   | Place    | Note
-------+----------+-------------------------------------------
     0 | D:1      | Fortress the Naga Venom Mage began the quest for the Orb.
     0 | D:1      | Reached XP level 1. HP: 15/15 MP: 3/3
   556 | D:1      | Reached XP level 2. HP: 22/22 MP: 3/5
  1371 | D:2      | Reached XP level 3. HP: 28/28 MP: 2/6
  2038 | D:2      | Reached XP level 4. HP: 36/36 MP: 4/8
  2107 | D:2      | Noticed a hungry ghost
  2515 | D:3      | Slain by a gnoll

Action                   |  1- 3 |  4- 6 || total
-------------------------+-------+-------++-------
Melee: Hand axe          |    29 |    26 ||    55
       Unarmed           |     1 |       ||     1
 Cast: Sting             |    55 |     7 ||    62
  Use: Scroll            |       |     2 ||     2
  Eat: Chunk             |     2 |       ||     2
       Ration            |       |     2 ||     2
Armor: Robe              |    14 |     9 ||    23
Dodge: Dodged            |    34 |    19 ||    53
